 Dungeon Crawl Stone Soup version 0.29-a0-393-g47a863cc1b (webtiles) character file.

Game seed: 103734433275200454

11 ytrimaz the Skirmisher (level 2, 0/24 HPs)
             Began as a Demonspawn Fighter on May 9, 2022.
             Succumbed to a kobold's poison
             ... on level 1 of the Dungeon.
             The game lasted 00:00:30 (270 turns).

ytrimaz the Skirmisher (Demonspawn Fighter)          Turns: 270, Time: 00:00:31

Health: 0/24       AC:  8    Str: 16    XL:     2   Next: 13%
Magic:  2/2        EV:  8    Int:  9    God:
Gold:   24         SH:  4    Dex: 12    Spells: 1/1 levels left

rFire   . . .      SeeInvis .   a - +0 long sword
rCold   + . .      Faith    .   c - +0 buckler
rNeg    . . .      Spirit   .   b - +0 scale mail
rPois   .          Reflect  .   (no helmet)
rElec   .          Harm     .   g - +1 cloak
rCorr   .          Rampage  .   (no gloves)
Will    .....                   (no boots)
Stlth   ..........              (no amulet)
HPRegen 0.08/turn               f - ring of protection from cold
MPRegen 0.08/turn               (no ring)

@: lethally poisoned (0 -> -13)
A: foul stench 1
a: no special abilities


You were on level 1 of the Dungeon.
You visited 1 branch of the dungeon, and saw 1 of its levels.

You collected 24 gold pieces.

Inventory:

Hand Weapons
 a - a +0 long sword (weapon)
Armour
 b - a +0 scale mail (worn)
 c - a +0 buckler (worn)
 g - a +1 cloak (worn)
Jewellery
 f - a ring of protection from cold (left hand)
Scrolls
 h - 2 scrolls of identify {unknown}
 i - a scroll of noise {unknown}
Potions
 d - a potion of might
 e - a potion of attraction {unknown}


   Skills:
 + Level 3.1 Fighting
 + Level 1.9 Long Blades
 + Level 2.9 Armour
 + Level 2.8 Shields


You had one spell level left.
You didn't know any spells.
Your spell library was empty.

Dungeon Overview and Level Annotations

Branches:
Dungeon (1/15)

Altars:


Innate Abilities, Weirdness & Mutations

You may rarely emit foul miasma when damaged in melee.


Message History

You closely miss the ball python.
The ball python bites you but does no damage.
The ball python constricts you. The kobold hits you but does no damage.
The hobgoblin hits you. The ball python bites you.
The ball python constricts you.
The hobgoblin hits you but does no damage.
The kobold hits you but does no damage.
You hit the ball python but do no damage.
The ball python bites you but does no damage.
The ball python constricts you.
A kobold comes into view. It is wielding a +2 dagger of venom.
The kobold hits you with a +0 dagger. You block the hobgoblin's attack.
Unknown command.
The kobold shouts!
You hit the ball python.
You kill the ball python!
You hear an angry hiss.
The hobgoblin hits you.
* * * LOW HITPOINT WARNING * * *
The kobold hits you but does no damage.
You have reached level 2!
Your demonic ancestry asserts itself...
You begin to emit a foul stench of rot and decay.
The hobgoblin attacks as you move away! You block the hobgoblin's attack.
The hobgoblin attacks as you move away!
The hobgoblin hits you but does no damage.
You hit the hobgoblin but do no damage. You block the hobgoblin's attack.
The hobgoblin misses you.
You slash the hobgoblin!
You kill the hobgoblin!
The kobold throws a stone.
The stone hits you but does no damage. The kobold hits you but does no damage.
You hit the kobold.
You kill the kobold!
The kobold hits you with a +2 dagger of venom.
* * * LOW HITPOINT WARNING * * *
You are lethally poisoned!
You hit the kobold.
The kobold is moderately wounded.
You die...

#....
##############....
#.................
#.################
#.# #.# #.# # #.#
# #@# ## #K# #.
#.######## ######.
#>........ .......
...........(###
#.....
##..........#
#.####
#..........# ####
#.........K# #...
#............ #.##


You could see a kobold.

Vanquished Creatures
  An endoplasm (D:1)
  A giant cockroach (D:1)
  A goblin (D:1)
  A hobgoblin (D:1)
  A kobold (D:1)
  A quokka (D:1)
  2 ball pythons (D:1)
  A bat (D:1)
  A rat (D:1)
10 creatures vanquished.

Notes
Turn   | Place    | Note
-------+----------+-------------------------------------------
     0 | D:1      | ytrimaz the Demonspawn Fighter began the quest for the Orb.
     0 | D:1      | Reached XP level 1. HP: 18/18 MP: 1/1
   262 | D:1      | Gained mutation: You may rarely emit foul miasma when
                  | damaged in melee. [demonic ancestry]
   262 | D:1      | Reached XP level 2. HP: 6/24 MP: 2/2
   270 | D:1      | Succumbed to a kobold's poison

Illustrated notes

Levels and vault maps discovered:
D:1:      scummos_arrival_star, layout_basic

Action                   || total
-------------------------++-------
Melee: Long sword        ||    27
Armor: Scale mail        ||    23
Dodge: Dodged            ||    15
Block: Buckler           ||    12

Table legend: (Time is in decaauts)
 A = Elapsed time spent in this place.
 B = Non-inter-level travel time spent in this place.
 C = Inter-level travel time spent in this place.
 D = Time resting spent in this place.
 E = Time spent auto-exploring this place.
 F = Levels seen in this place.
 G = Mean time per level.
                   A        B        C        D        E       F      G
               +--------+--------+--------+--------+--------+-----+--------+
         Total |    279 |    271 |      8 |      0 |    170 |   1 |  279.0 |
       Dungeon |    279 |    271 |      8 |      0 |    170 |   1 |  279.0 |
               +--------+--------+--------+--------+--------+-----+--------+

Top non-repeatable levels by time:
     D:1: 279 daAuts
